Map: Ruines de Seras

Players

Krynexes

  • Race: Protoss Protoss
  • League: Diamond

Worming - Winner!

  • Race: Zerg Zerg
  • League: Diamond

VOD

Have the link to the VOD?

Description

Time

  • Played on: Dec. 11, 2015, 8:45 a.m.
  • Length: 21:35
Show
View Real Time Build Order
Export as new Build Order

Krynexes Protoss 

Build Orders: Nexus First 

Get SALT Encoding   

  12  0:01  Probe (Chrono Boost)  
  13  0:12  Probe (Chrono Boost)  
  14  0:20  Pylon  
  14  0:23  Probe (Chrono Boost)  
  15  0:38  Probe (Chrono Boost)  
  16  0:49  Probe (Chrono Boost)  
  17  1:01  Nexus  
  18  1:04  Probe (Chrono Boost)  
  18  1:14  Gateway  
  18  1:18  Probe (Chrono Boost)  
  18  1:23  Assimilator  
  19  1:27  Assimilator  
  19  1:30  Probe (Chrono Boost)  
  20  1:37  Pylon  
  20  1:40  Probe (Chrono Boost)  
  21  1:51  Probe (Chrono Boost)  
  22  2:02  Cybernetics Core, Probe (Chrono Boost)  
  23  2:12  Probe (Chrono Boost)  
  23  2:14  Zealot  
  23  2:15  Probe (Chrono Boost)  
  28  2:23  Probe (Chrono Boost)  
  28  2:25  Probe (Chrono Boost)  
  29  2:31  Pylon  
  29  2:33  Probe (Chrono Boost)  
  29  2:36  Probe (Chrono Boost)  
  33  2:44  Mothership Core (Chrono Boost)  
  33  2:45  Warp Gate  
  33  2:46  Probe (Chrono Boost)  
  34  2:57  Probe (Chrono Boost)  
  35  3:02  Probe (Chrono Boost)  
  37  3:12  Probe (Chrono Boost)  
  37  3:13  Probe (Chrono Boost)  
  38  3:20  Gateway  
  38  3:22  Gateway  
  38  3:25  Gateway  
  38  3:32  Probe (Chrono Boost)  
  37  3:36  Pylon  
  37  3:38  Gateway  
  37  3:42  Probe (Chrono Boost)  
  37  3:43  Probe (Chrono Boost)  
  37  3:45  Twilight Council  
  39  3:53  Probe x2 (Chrono Boost)  
  41  3:58  Pylon  
  41  4:03  Probe (Chrono Boost)  
  41  4:04  Probe (Chrono Boost)  
  43  4:14  Probe (Chrono Boost)  
  43  4:17  Probe (Chrono Boost)  
  44  4:22  Charge (Chrono Boost)  
  44  4:41  Nexus  
  43  4:47  Probe  
  43  4:49  Probe  
  45  4:56  Gateway  
  45  4:58  Probe  
  45  4:59  Gateway  
  46  5:00  Gateway  
  46  5:01  Probe  
  46  5:05  Zealot  
  46  5:06  Zealot x3  
  55  5:13  Probe x2  
  56  5:15  Pylon  
  56  5:17  Pylon  
  57  5:24  Robotics Facility  
  57  5:25  Probe  
  57  5:28  Gateway  
  58  5:29  Gateway  
  58  5:33  Gateway  
  58  5:42  Zealot x4  
  66  5:54  Pylon  
  66  6:01  Zealot x2  
  66  6:02  Zealot x2  
  65  6:20  Stalker x3  
  65  6:23  Probe x2  
  65  6:24  Probe  
  66  6:28  Stalker x2  
  66  6:29  Zealot, Pylon  
  66  6:30  Zealot  
  74  6:36  Zealot  
  74  6:37  Zealot x2  
  74  6:38  Blink (Chrono Boost)  
  74  6:39  Probe  
  81  6:40  Probe x2  
  81  6:44  Observer (Chrono Boost)  
  84  6:47  Sentry, Zealot  
  84  6:48  Sentry  
  90  6:54  Probe x2  
  90  6:59  Sentry  
  94  7:01  Stalker  
  94  7:03  Sentry x3  
  94  7:06  Zealot  
  104  7:10  Warp Prism (Chrono Boost)  
  106  7:17  Zealot  
  106  7:20  Pylon  
  106  7:33  Stalker  
  108  7:40  Zealot x4, Pylon  
  108  7:42  Pylon  
  116  7:45  Pylon  
  116  7:46  Pylon  
  116  7:50  Assimilator  
  116  8:00  Stalker x4  
  116  8:03  Zealot x2  
  112  8:17  Zealot x2  
  98  8:33  Zealot x2  
  98  8:34  Zealot x6  
  108  8:41  Sentry x2  
  110  8:56  Zealot x3  
  110  8:57  Stalker x3  
  110  8:58  Stalker x2  
  112  9:18  Zealot x5  
  112  9:23  Zealot x4  
  84  9:32  Zealot  
  68  9:41  Probe x2 (Chrono Boost)  
  68  9:44  Assimilator  
  70  9:47  Robotics Bay, Immortal (Chrono Boost)  
  70  9:49  Assimilator  
  70  9:50  Probe (Chrono Boost)  
  76  9:53  Probe (Chrono Boost), Assimilator  
  76  9:57  Zealot x5  
  86  10:03  Probe (Chrono Boost)  
  87  10:28  Stalker x4  
  91  10:34  Disruptor (Chrono Boost)  
  96  10:41  Robotics Facility  
  96  10:51  Zealot  
  96  10:52  Zealot x4, Stalker x2  
  96  10:53  Stalker x3  
  100  11:13  Disruptor (Chrono Boost)  
  103  11:19  Zealot x5  
  103  11:20  Zealot x3  
  103  11:24  Forge  
  119  11:29  Disruptor (Chrono Boost)  
  122  11:35  Stalker x2  
  126  11:43  Nexus  
  126  11:44  Pylon  
  124  11:47  Pylon  
  124  11:50  Zealot x3  
  118  11:59  Disruptor (Chrono Boost)  
  118  12:01  Disruptor (Chrono Boost)  
  111  12:02  Zealot  
  113  12:09  Gateway  
  113  12:11  Gateway  
  113  12:13  Probe  
  114  12:19  Stalker  
  114  12:20  Stalker  
  118  12:42  Sentry  
  118  12:43  Sentry x2  
  118  12:44  Assimilator, Zealot x2  
  126  12:46  Stalker  
  126  12:48  Assimilator  
  130  12:52  Warp Prism (Chrono Boost)  
  130  12:58  Disruptor (Chrono Boost)  
  135  13:06  Pylon  
  123  13:24  Protoss Ground Weapons Level 1 (Chrono Boost)  
  123  13:26  Photon Cannon  
  123  13:28  Photon Cannon  
  123  13:32  Pylon  
  123  13:36  Zealot x2  
  123  13:37  Zealot x3  
  123  13:38  Zealot x2  
  137  13:43  Templar Archives  
  137  14:15  Disruptor (Chrono Boost)  
  137  14:16  Disruptor (Chrono Boost)  
  143  14:18  Zealot x5  
  143  14:19  Zealot x4  
  143  14:48  High Templar x4  
  143  14:49  High Templar x6  
  143  14:50  High Templar x2  
  167  15:02  Archon x3  
  167  15:03  Archon x2  
  167  15:04  Archon  
  167  15:05  Warp Prism (Chrono Boost)  
  169  15:11  Photon Cannon  
  169  15:13  Photon Cannon  
  165  15:14  Photon Cannon  
  165  15:18  Photon Cannon  
  165  15:21  Stalker x4  
  165  15:22  Stalker  
  165  15:25  Stalker  
  114  16:06  Disruptor (Chrono Boost)  
  114  16:09  Observer (Chrono Boost)  
  118  16:14  High Templar x3  
  118  16:15  High Templar x3  
  128  16:24  Zealot x6  
  140  16:27  Archon x2  
  140  16:28  Observer  
  141  16:37  Archon  
  140  16:49  Protoss Ground Weapons Level 2  
  140  16:51  Zealot  
  140  16:52  Zealot x3  
  140  16:53  Zealot x4  
  156  16:54  Zealot x2  
  158  17:14  Disruptor  
  156  17:18  Disruptor  
  156  17:21  Dark Shrine  
  150  17:33  Zealot x2  
  146  17:40  Pylon  
  145  17:45  Disruptor  
  148  17:54  Zealot, Disruptor  
  148  17:55  Zealot x2  
  157  18:02  Nexus  
  157  18:05  Pylon  
  157  18:06  Pylon  
  157  18:08  High Templar  
  157  18:09  High Templar x3  
  157  18:10  High Templar x2  
  157  18:11  Pylon  
  165  18:14  Archon x3  
  157  18:26  Disruptor  
  155  18:30  Disruptor  
  161  18:35  Nexus  
  161  18:38  Pylon  
  161  18:40  Pylon  
  161  18:44  Photon Cannon  
  153  18:48  Zealot x2  
  153  18:49  Pylon  
  153  18:52  Assimilator  
  157  18:57  Disruptor  
  86  19:33  Immortal x2 (Chrono Boost)  
  94  19:42  Assimilator  
  94  19:47  High Templar x4  
  94  19:48  High Templar x2  
  94  19:52  Archon x2  
  106  19:53  Archon  
  106  20:06  Zealot  
  105  20:23  Zealot  
  105  20:24  Zealot x2  
  102  20:44  Stalker  
  102  20:45  Dark Templar x2  
  106  20:52  High Templar x2  
  106  20:56  Archon, High Templar  
  112  20:57  High Templar  
  112  21:00  Archon  
  89  21:22  Dark Templar  
Show
View Real Time Build Order
Export as new Build Order

Worming Zerg - Winner!

Build Orders: Hatch First 

Get SALT Encoding   

  12  0:01  Drone  
  13  0:08  Drone  
  14  0:18  Overlord  
  14  0:29  Drone, Extractor  
  14  0:30  Drone, Extractor  
  16  0:38  Drone  
  17  0:46  Drone  
  18  1:00  Hatchery  
  18  1:01  Drone  
  18  1:07  Extractor  
  17  1:17  Spawning Pool  
  16  1:21  Drone  
  16  1:24  Drone  
  18  1:35  Drone  
  19  1:40  Overlord  
  19  2:03  Zergling x4  
  19  2:04  Queen  
  19  2:08  Metabolic Boost  
  23  2:13  Queen  
  25  2:16  Drone  
  25  2:17  Drone  
  27  2:27  Drone x2  
  29  2:35  Drone x2  
  31  2:47  Queen  
  31  2:50  Overlord  
  31  2:51  Drone  
  34  3:06  Drone x2  
  34  3:29  Zergling x6  
  34  3:30  Drone x7  
  44  3:42  Hatchery  
  44  3:43  Overlord x2  
  43  3:53  Drone  
  43  3:54  Overlord  
  44  4:01  Queen  
  46  4:03  Roach Warren  
  46  4:05  Drone x3, Extractor  
  46  4:06  Drone  
  46  4:07  Drone x2  
  49  4:20  Zergling x6  
  52  4:50  Lair  
  50  5:03  Drone x3, Extractor  
  50  5:04  Drone x8  
  50  5:06  Evolution Chamber  
  59  5:07  Evolution Chamber  
  59  5:10  Hatchery  
  59  5:13  Roach x2  
  61  5:19  Overlord x3  
  61  5:23  Roach x3  
  67  5:33  Ravager  
  69  5:36  Ravager, Roach x2  
  73  5:44  Ravager x2  
  73  5:46  Zergling x18  
  84  5:56  Drone, Extractor  
  81  5:57  Drone x2, Extractor  
  81  5:58  Drone x2  
  80  6:17  Glial Reconstitution  
  75  6:20  Zerg Melee Weapons Level 1  
  75  6:21  Drone  
  75  6:22  Drone x4  
  75  6:23  Drone x6  
  84  6:31  Drone x2  
  84  6:32  Drone x4  
  90  6:40  Drone  
  90  6:41  Drone x3, Extractor  
  90  6:42  Drone  
  94  6:47  Ravager  
  94  6:48  Ravager x2  
  96  6:58  Roach  
  96  6:59  Roach x3  
  96  7:00  Overlord  
  96  7:01  Overlord x3  
  104  7:08  Zerg Ground Armor Level 1  
  104  7:12  Hatchery  
  103  7:18  Queen x2  
  100  7:30  Roach x17  
  132  8:09  Roach x3  
  132  8:10  Zergling x4, Roach x2  
  131  8:13  Extractor  
  113  8:24  Roach x2  
  113  8:25  Roach x17  
  112  8:41  Roach  
  112  8:42  Roach x8  
  129  8:51  Ravager x5  
  129  8:52  Ravager  
  129  8:53  Zergling x8  
  132  9:13  Zergling x10  
  132  9:14  Overlord x2  
  132  9:15  Overlord  
  134  9:23  Zergling x16  
  102  9:39  Drone x3  
  102  9:42  Queen  
  102  9:44  Extractor  
  106  10:02  Hatchery  
  106  10:04  Ravager x2  
  106  10:05  Ravager x3  
  110  10:07  Ravager x2  
  109  10:21  Zergling x12  
  109  10:22  Zergling x6  
  116  10:29  Spine Crawler x2  
  116  10:30  Drone x3  
  116  10:31  Drone x2  
  116  10:32  Burrow  
  119  10:39  Drone x3  
  122  10:55  Zergling x18  
  122  10:56  Zergling x6  
  134  11:01  Zerg Ground Armor Level 2  
  134  11:02  Zerg Missile Weapons Level 1  
  121  11:22  Drone x2  
  121  11:23  Drone x6  
  129  11:31  Spire  
  128  11:33  Zergling x8, Roach  
  128  11:34  Zergling x12  
  128  11:39  Hydralisk Den  
  132  11:48  Hatchery  
  106  11:58  Roach x8  
  102  12:17  Drone x3  
  102  12:19  Hydralisk x3  
  102  12:20  Hydralisk  
  102  12:21  Lurker Den  
  113  12:25  Ravager x4  
  113  12:27  Ravager x2  
  113  12:29  Ravager x3  
  122  12:35  Drone  
  122  12:36  Drone x4  
  127  12:43  Mutalisk  
  127  12:44  Mutalisk x3  
  127  12:47  Zergling x2  
  127  12:48  Zergling x2  
  127  12:50  Zergling x2  
  138  12:57  Zergling x2  
  136  13:27  Zerg Missile Weapons Level 2, Zerg Melee Weapons Level 2  
  136  13:28  Infestation Pit  
  135  13:35  Roach  
  135  13:36  Zergling x12, Roach x2  
  135  13:37  Zergling x12  
  153  13:47  Zergling x2  
  154  13:51  Overlord x4  
  154  13:57  Spine Crawler  
  154  13:58  Spine Crawler  
  154  14:00  Spine Crawler  
  150  14:05  Overseer  
  150  14:06  Pneumatized Carapace  
  150  14:07  Hive  
  139  14:39  Spine Crawler  
  138  15:03  Hydralisk x8  
  156  15:07  Lurker x2  
  156  15:08  Overlord x2  
  156  15:21  Roach  
  156  15:22  Roach x19  
  169  15:51  Roach x18  
  169  15:52  Roach  
  171  15:58  Spine Crawler  
  168  16:07  Overseer x2  
  168  16:10  Drone, Ultralisk Cavern  
  166  16:33  Greater Spire  
  166  16:36  Drone x3, Extractor  
  168  16:46  Mutalisk x2  
  168  16:47  Mutalisk x2  
  168  16:49  Hatchery  
  175  17:03  Chitinous Plating, Zerg Ground Armor Level 3, Zerg Melee Weapons Level 3  
  167  17:35  Drone x5  
  172  17:37  Queen  
  172  17:38  Extractor  
  172  17:39  Ultralisk  
  172  17:40  Ultralisk x3  
  197  17:51  Adrenal Glands  
  197  17:53  Corruptor  
  199  18:00  Overlord  
  199  18:02  Zergling x2  
  198  18:26  Hydralisk x2  
  197  18:34  Muscular Augments  
  192  18:49  Hydralisk x4  
  196  19:09  Ultralisk x3  
  178  19:10  Roach x8  
  178  19:13  Zergling x16  
  162  19:33  Ravager x2, Spine Crawler  
  162  19:34  Lurker  
  162  19:35  Lurker x2  
  166  19:41  Extractor  
  165  19:47  Lurker x3  
  168  19:59  Hatchery  
  167  20:01  Drone x3  
  167  20:02  Roach  
  167  20:03  Roach x5  
  175  20:46  Hydralisk x9  
  183  21:18  Zergling x16  
Tags
 
Add a new tag
Caveats
  • Supply blocks, unpowered buildings, or Contaminate may cause inaccurate times.
  • Supply counts are checked every 10 seconds.